[Event "Team 45 45 League T42"]
[Site "Internet Chess Club"]
[Date "2009.10.29"]
[Round "1"]
[White "Despair"]
[Black "chess92192"]
[Result "1-0"]
[WhiteElo "1969"]
[BlackElo "1955"]
[Opening "Grob's attack"]
[ECO "A00"]
[Time "20:00:23"]
[TimeControl "2700+45"]

1. g4 d5 2. h3 e5 3. Bg2 Bc5 4. e3 Ne7 5. d4 exd4 6. exd4 Bd6 7. Ne2 c6 8. Nbc3
Qc7 9. f4 Nd7 10. Be3 h5 11. Qd2 Nb6 12. g5 Nc4 13. Qc1 Bd7 14. Bf2 O-O-O 15. b3
Na3 16. h4 Bf5 17. Bh3 Qd7 18. Bxf5 Qxf5 19. Kd1 Ng6 20. Bg3 Rhe8 21. Rh2 Re7
22. Qd2 Rde8 23. Kc1 Bb4 24. Kb2 Re3 25. Rg1 Kd7 26. Qd1 Ne7 27. Be1 a5 28. Ng3
Qe6 29. Nxh5 Nf5 30. Bd2 Bxc3+ 31. Bxc3 Nb5 32. Bxa5 Qd6 33. Bd2 Qa3+ 34. Ka1
Ra8 35. Qb1 Nfxd4 36. Bc1 Nc3 37. Bxa3 Nxb1 38. Rxb1 Rxa3 39. Kb2 Ra8 40. Nxg7
Rf3 41. Re1 Rxf4 42. Nh5 Rf3 43. Nf6+ Kd6 44. Re8 Rxe8 45. Nxe8+ Ke7 46. Nf6 Kf8
47. h5 Kg7 48. h6+ Kh8 49. Nd7 Rf5 50. Rg2 Kh7 51. Nf6+ Kh8 52. Rg4 Ne6 53. Ra4
Rxf6 54. gxf6 Kh7 55. Ra7 Kxh6 56. Rxb7 Kg6 57. a4 Kxf6 58. a5 Kg6 59. a6 Nc5
60. a7 {Black resigns} 1-0

[Event "Team 45 45 League T43"]
[Site "Internet Chess Club"]
[Date "2009.11.02"]
[Round "1"]
[White "hewdondada"]
[Black "fishhead"]
[Result "0-1"]
[WhiteElo "1801"]
[BlackElo "2086"]
[Opening "Trompowsky attack (Ruth, Opocenský opening)"]
[ECO "A45"]
[Time "20:06:23"]
[TimeControl "2700+45"]

1. d4 Nf6 2. Bg5 Ne4 3. Bf4 g5 4. Be3 h6 5. f3 Nf6 6. c4 c6 7. Bf2 d5 8. e3 Bf5
9. Bd3 Qd7 10. Nc3 Bxd3 11. Qxd3 Na6 12. a3 e6 13. Nge2 Bd6 14. e4 dxc4 15. Qxc4
e5 16. d5 c5 17. Ng3 Rc8 18. Nf5 Bb8 19. Qb5 Qxb5 20. Nxb5 Kd7 21. Rc1 Ne8 22.
O-O b6 23. h4 Nac7 24. Nxc7 Rxc7 25. Rc2 Nd6 26. Ne3 Nb5 27. Ng4 Rcc8 28. Rfc1
gxh4 29. Bxh4 Nd4 30. Rf2 h5 31. Ne3 Bd6 32. Nc4 Rhg8 33. Bf6 Rce8 34. Re1 Rg6
35. Nxd6 Kxd6 36. Bh4 Reg8 37. Re3 c4 38. Kf1 b5 39. f4 f6 40. g3 a5 41. fxe5+
fxe5 42. Ke1 b4 43. Kd2 Rc8 44. Rf7 Nb5 45. axb4 axb4 46. Be7+ Kc7 47. Bxb4+ Kb6
48. Bc3 Nd4 49. Re7 Rf8 50. Rxe5 Nf3+ 51. Ke2 Nxe5 52. Bxe5 Kc5 53. Bf4 h4 54.
Kf2 hxg3+ 55. Kg2 Rxf4 {White resigns} 0-1

[Event "Team 45 45 League T43"]
[Site "Internet Chess Club"]
[Date "2009.11.03"]
[Round "1"]
[White "awb"]
[Black "mugurelt"]
[Result "1/2-1/2"]
[WhiteElo "1741"]
[BlackElo "1778"]
[Opening "Sicilian: closed"]
[ECO "B23"]
[Time "17:36:57"]
[TimeControl "2700+45"]

1. e4 c5 2. Nc3 d6 3. f4 Nc6 4. Nf3 a6 5. Bc4 b5 6. Bd5 Bb7 7. O-O e6 8. Bxc6+
Bxc6 9. d3 Nf6 10. Qe1 Be7 11. Qg3 Nh5 12. Qg4 g6 13. f5 exf5 14. exf5 Bd7 15.
Re1 Bxf5 16. Qg5 Kd7 17. Qe3 Nf6 18. h3 Re8 19. Qf2 Bf8 20. Bg5 Rxe1+ 21. Rxe1
h6 22. Bh4 Bg7 23. Nd2 Qh8 24. Kh1 Re8 25. Qf3 Rxe1+ 26. Bxe1 Kc7 27. Bg3 Be6
28. Nb3 Qe8 29. Nxc5 Qc6 30. Qxc6+ Kxc6 31. Nxa6 Nh5 32. Bh2 d5 33. Nb4+ Kc5 34.
a3 f5 35. Bc7 f4 36. Kg1 g5 37. Kf2 Ng3 38. Bb8 Bxc3 39. bxc3 Nf5 40. Kf3 Nh4+
41. Kf2 Nf5 42. Kf3 h5 43. Be5 Nh4+ 44. Kf2 Ng6 45. Bf6 g4 46. h4 Kd6 47. Na2
g3+ 48. Kf1 Bg4 49. Nc1 Ke6 50. Bg5 Kf5 51. Ne2 Bxe2+ 52. Kxe2 Kg4 53. Kf1 Ne5
54. Bf6 Nd7 55. Be7 Ne5 56. Bf6 Ng6 57. Bg5 f3 58. c4 dxc4 59. dxc4 bxc4 60. a4
Ne5 61. a5 Nd7 62. a6 Nb6 63. a7 f2 64. c3 Kf5 65. Bd8 Na8 66. Ke2 {Game drawn
by mutual agreement} 1/2-1/2

[Event "Team 45 45 League T42"]
[Site "Internet Chess Club"]
[Date "2009.10.29"]
[Round "1"]
[White "RD1974"]
[Black "JCA"]
[Result "1-0"]
[WhiteElo "1640"]
[BlackElo "1429"]
[Opening "Bishop's opening: Berlin defense"]
[ECO "C24"]
[Time "18:31:35"]
[TimeControl "2700+45"]

1. e4 e5 2. Bc4 Nf6 3. d3 Nc6 4. Nc3 Bb4 5. Ne2 O-O 6. O-O d6 7. a3 Bc5 8. Bg5
Be6 9. Nd5 a6 10. Ng3 Bg4 11. Qd2 Nd4 12. c3 c6 13. Nxf6+ gxf6 14. Bh6 Re8 15.
cxd4 Bxd4 16. Kh1 d5 17. Bb3 Bc5 18. f4 Bf8 19. f5 dxe4 20. Nxe4 Bg7 21. Qe3 Qc8
22. Nd6 Qd7 23. Bxf7+ Kf8 24. Bxg7+ Kxg7 25. Nxe8+ Kxf7 26. Nxf6 Kxf6 27. Qh6+
Ke7 28. Qg7+ Kd6 29. Qxg4 Kc7 30. Qe4 Re8 31. f6 Qf7 32. Rf5 Kd6 33. Raf1 Qd5
34. f7 Rf8 35. Rf6+ Ke7 36. Qxh7 Qd4 37. Qf5 Qd5 38. h4 c5 39. h5 Rh8 40. f8=Q+
Rxf8 41. Rxf8 {Black resigns} 1-0

[Event "Team 45 45 League T43"]
[Site "Internet Chess Club"]
[Date "2009.10.30"]
[Round "1"]
[White "natethegreat"]
[Black "LoseOften"]
[Result "1-0"]
[WhiteElo "1930"]
[BlackElo "1818"]
[Opening "Sicilian: Alapin's variation (2.c3)"]
[ECO "B22"]
[Time "17:02:23"]
[TimeControl "2700+45"]

1. e4 c5 2. c3 Nf6 3. e5 Nd5 4. d4 cxd4 5. Nf3 Nc6 6. Bc4 Nb6 7. Bb3 d5 8. exd6
Qxd6 9. O-O Be6 10. Na3 dxc3 11. Nb5 Qxd1 12. Rxd1 Rc8 13. Bxe6 fxe6 14. Nxc3 g6
15. Ng5 e5 16. Ne6 Kf7 17. Nc5 e6 18. Nxb7 Nc4 19. Ne4 Rb8 20. Rd7+ Be7 21.
Nbd6+ Nxd6 22. Nxd6+ Kf6 23. Ne4+ Kf5 24. f3 Rhd8 25. g4# {Black checkmated} 1-0

[Event "Team 45 45 League T43"]
[Site "Internet Chess Club"]
[Date "2009.10.30"]
[Round "1"]
[White "shijith"]
[Black "avila"]
[Result "1-0"]
[WhiteElo "1811"]
[BlackElo "1765"]
[Opening "QGD semi-Slav: 7.Bc4"]
[ECO "D47"]
[Time "12:23:07"]
[TimeControl "2700+45"]

1. d4 d5 2. c4 c6 3. Nf3 Nf6 4. Nc3 e6 5. e3 Nbd7 6. Bd3 dxc4 7. Bxc4 Be7 8. O-O
O-O 9. e4 b5 10. Bd3 a6 11. e5 Nd5 12. Nxd5 cxd5 13. Be3 f6 14. Qd2 fxe5 15.
Nxe5 Nxe5 16. dxe5 Kh8 17. Qe2 Rg8 18. Bxh7 Qe8 19. Bxg8 Kxg8 20. Qg4 Qf7 21.
Rac1 Bd7 22. Rc7 Bd8 23. Rb7 Rc8 24. Rc1 Rxc1+ 25. Bxc1 Kf8 26. Bg5 Bxg5 27.
Qxg5 Qe7 28. Rb8+ Be8 29. Qxe7+ Kxe7 30. Ra8 Kf7 31. Rxa6 Bd7 32. Ra7 Ke7 33.
Kf1 Kd8 34. Ke2 b4 35. Kd3 Bb5+ 36. Kd4 g6 37. Rb7 Bf1 38. g3 Bc4 39. Rxb4 Bxa2
40. Kc5 Bc4 41. Kd6 Kc8 42. Kxe6 Ba2 43. Kf6 d4 44. Rxd4 Bb1 45. e6 {Black
resigns} 1-0

[Event "Team 45 45 League T43"]
[Site "Internet Chess Club"]
[Date "2009.11.01"]
[Round "1"]
[White "soccerisfun"]
[Black "rubo"]
[Result "0-1"]
[WhiteElo "1484"]
[BlackElo "1673"]
[Opening "Caro-Kann: classical variation"]
[ECO "B18"]
[Time "19:00:11"]
[TimeControl "2700+45"]

1. e4 c6 2. d4 d5 3. Nc3 dxe4 4. Nxe4 Bf5 5. Ng3 Bg6 6. Nf3 Nd7 7. Bd3 Bxd3 8.
Qxd3 Qc7 9. Be3 e6 10. O-O-O Ngf6 11. Rhe1 Bd6 12. Kb1 O-O-O 13. Ng5 Nb6 14.
N5e4 Nxe4 15. Nxe4 Bf4 16. Bxf4 Qxf4 17. g3 Qc7 18. Qa3 Kb8 19. Re3 Nc4 20. Qc5
Nxe3 21. fxe3 e5 22. Rf1 exd4 23. exd4 Rhe8 24. Nc3 Qe7 25. Qxe7 Rxe7 26. Rd1
Rde8 27. Kc1 Re1 28. Kd2 Rxd1+ 29. Kxd1 Rd8 30. Ne2 c5 31. c3 Kc7 32. Kd2 Kc6
33. Kd3 b5 34. b3 g5 35. g4 Rd6 36. h3 Rf6 37. Ke3 Rf1 38. dxc5 Kxc5 39. Ng3
Re1+ 40. Kf2 Re6 41. Kf3 Kd5 42. Ne2 Rc6 43. Ke3 Ra6 44. Nc1 Rh6 45. Nd3 Rxh3+
46. Ke2 Rg3 47. Nf2 Rxc3 48. Kd2 Kd4 49. Nd1 Rd3+ 50. Ke2 Rxd1 51. Kxd1 {White
resigns} 0-1

[Event "Team 45 45 League T43"]
[Site "Internet Chess Club"]
[Date "2009.10.31"]
[Round "1"]
[White "Beancounter"]
[Black "Caminator"]
[Result "0-1"]
[WhiteElo "1667"]
[BlackElo "1877"]
[Opening "English opening"]
[ECO "A20"]
[Time "11:00:18"]
[TimeControl "2700+45"]

1. c4 e5 2. g3 Nf6 3. Bg2 c6 4. Nc3 Bb4 5. Nf3 d6 6. O-O O-O 7. Qb3 Bxc3 8. Qxc3
Ne4 9. Qc2 Nc5 10. b4 Ne6 11. d3 Bd7 12. a4 a6 13. Be3 f5 14. a5 Qf6 15. Bb6 Be8
16. e3 Nd7 17. Qb2 Nxb6 18. axb6 Qd8 19. c5 e4 20. dxe4 fxe4 21. Nd2 d5 22. Rad1
Qc8 23. Nb3 Bh5 24. Rd2 Ng5 25. Nd4 Nf3+ 26. Nxf3 Bxf3 27. Qe5 Rf5 28. Qd6 Rh5
29. h4 Qg4 30. Qf4 Qg6 31. Bxf3 exf3 32. Qxf3 Rxh4 33. Qg2 Rxb4 34. Rd4 Rxd4 35.
exd4 Re8 36. Qh3 Qe6 37. Qh5 Qe2 38. Qh3 Qe6 39. Qh5 Qf7 40. Qd1 Rf8 41. Qe2 Re8
42. Qg4 Qe6 43. Qh5 Qg6 44. Qh3 h6 45. Qd7 Qf7 46. Qh3 Kh7 47. Rd1 Qf3 48. Rf1
Qe4 49. Qd7 Re7 50. Qd6 Qe6 51. Qb8 Qd7 52. Rd1 Qg4 53. Rd2 Re1+ 54. Kg2 Qe4+
55. f3 Qe3 56. Rf2 Qxd4 57. Qxb7 Qxc5 58. Qxa6 Re8 59. b7 Rb8 60. Qa8 Qd6 61.
Ra2 Qc7 62. Rb2 c5 63. Kf2 c4 64. Qa6 d4 65. Rb6 d3 66. Rc6 Qxb7 67. Qxb7 Rxb7
68. Rxc4 Rb2+ 69. Ke1 Re2+ 70. Kf1 Rh2 71. Rd4 d2 72. Rd6 Kg8 73. Rd7 Kf8 74.
Rd3 Ke7 75. Rd4 Ke6 76. Rd8 g5 77. Rd3 h5 78. Rd8 h4 79. gxh4 gxh4 80. Rd4 Rh1+
{White resigns} 0-1

[Event "Team 45 45 League T43"]
[Site "Internet Chess Club"]
[Date "2009.11.02"]
[Round "1"]
[White "katesolu"]
[Black "hondocando"]
[Result "0-1"]
[WhiteElo "1755"]
[BlackElo "1900"]
[Opening "Scandinavian defense"]
[ECO "B01"]
[Time "20:13:47"]
[TimeControl "2700+45"]

1. e4 d5 2. exd5 Nf6 3. Nf3 Nxd5 4. d4 Bf5 5. c3 e6 6. Be2 Bd6 7. Bg5 f6 8. Bh4
Nc6 9. O-O O-O 10. Nbd2 a6 11. Nc4 Bf4 12. a4 Qd7 13. Re1 b5 14. Ncd2 b4 15. c4
Nc3 16. bxc3 bxc3 17. d5 cxd2 18. Nxd2 Nb4 19. Bf3 exd5 20. cxd5 Nc2 21. d6 Rad8
22. Ne4 Nxa1 23. Qxa1 cxd6 24. Qd4 Be5 25. Qc4+ d5 26. Qa2 Rfe8 27. Nc5 Qc7 28.
Bxd5+ Kh8 29. Qc4 Bxh2+ 30. Kf1 Rxe1+ 31. Kxe1 Qe5+ 32. Be4 Qa1+ 33. Ke2 Qd1+
34. Ke3 Qd2+ 35. Kf3 Qf4+ 36. Ke2 Bg4+ {White resigns} 0-1

[Event "Team 45 45 League T43"]
[Site "Internet Chess Club"]
[Date "2009.11.02"]
[Round "1"]
[White "chess2k7"]
[Black "jjmolina"]
[Result "1-0"]
[WhiteElo "1866"]
[BlackElo "1671"]
[Opening "Neo-Grünfeld, 6.O-O, main line"]
[ECO "D79"]
[Time "15:35:34"]
[TimeControl "2700+45"]

1. Nf3 Nf6 2. g3 g6 3. Bg2 Bg7 4. O-O O-O 5. d4 d5 6. c4 c6 7. cxd5 cxd5 8. Nc3
Nc6 9. Ne5 e6 10. Bf4 Nxe5 11. Bxe5 Bd7 12. Rc1 Bc6 13. Qd2 Ne4 14. Bxe4 Bxe5
15. dxe5 dxe4 16. Qf4 Qb6 17. Rc2 e3 18. Qxe3 Qxe3 19. fxe3 Rfd8 20. Rf4 b5 21.
Rd4 Kf8 22. Rcd2 Ke7 23. Kf2 b4 24. Nb1 a5 25. Rxd8 Rxd8 26. Rxd8 Kxd8 27. Nd2
Bd5 28. b3 a4 29. e4 Bc6 30. Ke3 h6 31. Kd4 Bb5 32. Nc4 Bc6 33. Nd6 Ke7 34. Kc5
axb3 35. axb3 Ba8 36. Kxb4 f6 37. Kc5 fxe5 38. b4 Kd7 39. b5 Kc7 40. b6+ Kb8 41.
b7 Bxb7 42. Nxb7 Kxb7 43. Kd6 {Black resigns} 1-0

[Event "Team 45 45 League T42"]
[Site "Internet Chess Club"]
[Date "2009.10.29"]
[Round "1"]
[White "andrew28"]
[Black "tammany"]
[Result "1-0"]
[WhiteElo "1727"]
[BlackElo "1752"]
[Opening "Alekhine's defense: modern, fianchetto variation"]
[ECO "B04"]
[Time "17:19:07"]
[TimeControl "2700+45"]

1. e4 Nf6 2. e5 Nd5 3. d4 d6 4. Nf3 g6 5. Bc4 Nb6 6. Bb3 Bg7 7. O-O O-O 8. exd6
cxd6 9. c3 Nc6 10. Bf4 Bg4 11. h3 Bxf3 12. Qxf3 e5 13. dxe5 dxe5 14. Rd1 Qf6 15.
Be3 Qxf3 16. gxf3 Rfd8 17. Na3 Na5 18. Bc2 Nbc4 19. Nxc4 Nxc4 20. Bg5 f6 21. Bb3
b5 22. Be3 a5 23. a4 Kh8 24. axb5 Nxb2 25. Rxd8+ Rxd8 26. Rxa5 Nd3 27. b6 Bf8
28. b7 Rb8 29. Ra8 {Black resigns} 1-0

[Event "Team 45 45 League T43"]
[Site "Internet Chess Club"]
[Date "2009.11.01"]
[Round "1"]
[White "koni"]
[Black "Wheels"]
[Result "1-0"]
[WhiteElo "1979"]
[BlackElo "2010"]
[Opening "King's Indian: orthodox, Aronin-Taimanov, bayonet attack"]
[ECO "E97"]
[Time "09:08:35"]
[TimeControl "2700+45"]

1. Nf3 Nf6 2. c4 g6 3. Nc3 Bg7 4. e4 d6 5. d4 O-O 6. Be2 e5 7. O-O Nc6 8. d5 Ne7
9. b4 Nh5 10. Re1 f5 11. Ng5 Nf6 12. Bf3 a5 13. b5 Re8 14. Ba3 fxe4 15. Ngxe4
Nf5 16. c5 Bf8 17. b6 dxc5 18. bxc7 Qe7 19. Bxc5 Qg7 20. Nxf6+ Qxf6 21. Ne4 Qg7
22. d6 Bd7 23. Qb3+ Kh8 24. Qxb7 Nh4 25. Be2 Qf7 26. Bb5 Bxb5 27. Qxb5 {Black
resigns} 1-0

[Event "Team 45 45 League T43"]
[Site "Internet Chess Club"]
[Date "2009.11.01"]
[Round "1"]
[White "Philly-Boy"]
[Black "IceBox"]
[Result "1-0"]
[WhiteElo "1893"]
[BlackElo "1759"]
[Opening "QGD: Tarrasch defense"]
[ECO "D32"]
[Time "10:03:22"]
[TimeControl "2700+45"]

1. d4 d5 2. c4 e6 3. Nc3 c5 4. Nf3 Nc6 5. Bf4 a6 6. e3 Nf6 7. Be2 Be7 8. O-O O-O
9. dxc5 Bxc5 10. cxd5 exd5 11. Qb3 Na5 12. Qc2 Ba7 13. Rfd1 Be6 14. Bg5 Rc8 15.
Qa4 Nc4 16. Qb4 Bc5 17. Qxb7 Rb8 18. Qc6 Rc8 19. Qxa6 Ra8 20. Qb5 Qc7 21. Bxf6
Rfb8 22. Be5 Rxb5 23. Bxc7 Rxb2 24. Bd3 Rb7 25. Be5 Nxe5 26. Nxe5 Ra3 27. Ne2 f6
28. Nf3 Rb2 29. Ned4 Bd7 30. Bf5 Ba4 31. Be6+ Kf8 32. Rdc1 Rbxa2 33. Rxa2 Rxa2
34. Bxd5 Rb2 35. Ne6+ {Black resigns} 1-0

[Event "Team 45 45 League T43"]
[Site "Internet Chess Club"]
[Date "2009.10.30"]
[Round "1"]
[White "chipionero"]
[Black "Fuzzie"]
[Result "0-1"]
[WhiteElo "1680"]
[BlackElo "1775"]
[Opening "King's Indian: Petrosian system"]
[ECO "E92"]
[Time "15:00:21"]
[TimeControl "2700+45"]

1. d4 Nf6 2. Nf3 g6 3. c4 Bg7 4. Nc3 O-O 5. e4 d6 6. Be2 e5 7. d5 Nh5 8. Bg5 f6
9. Be3 Nf4 10. Bf1 f5 11. g3 Nh5 12. exf5 Bxf5 13. Nd2 Nf6 14. Bg2 Qc8 15. Nce4
Ng4 16. Qe2 Nxe3 17. Qxe3 b6 18. O-O a5 19. a3 Na6 20. Rac1 Bh3 21. Rc2 h6 22.
Qd3 Bf5 23. Qe3 Qd7 24. Rb1 Nc5 25. b4 axb4 26. axb4 Nxe4 27. Nxe4 Ra4 28. Qe2
Rfa8 29. g4 Bxg4 30. f3 Bf5 31. Rcb2 h5 32. Qf2 Kh8 33. Rc1 Bh6 34. Re1 Ra1 35.
Nc3 R8a3 36. Ra2 R1xa2 37. Nxa2 Qa4 38. Re2 Bd3 39. Rb2 Bxc4 40. Nc1 Be3 {White
resigns} 0-1

[Event "Team 45 45 League T43"]
[Site "Internet Chess Club"]
[Date "2009.11.03"]
[Round "1"]
[White "BrerRabbit"]
[Black "Mambo"]
[Result "0-1"]
[WhiteElo "1570"]
[BlackElo "1653"]
[Opening "QGD: Tarrasch, Prague variation, 9.Bg5"]
[ECO "A30"]
[Time "14:04:26"]
[TimeControl "2700+45"]

1. c4 c5 2. g3 Nc6 3. Bg2 e6 4. Nf3 Nf6 5. O-O Be7 6. Nc3 O-O 7. d4 d5 8. cxd5
exd5 9. Bg5 b6 10. Qa4 Bd7 11. Qd1 h6 12. Bxf6 Bxf6 13. Nxd5 Bxd4 14. Nxd4 Nxd4
15. e3 Bc6 16. exd4 Bxd5 17. dxc5 Bxg2 18. Kxg2 bxc5 19. Rc1 Qa5 20. Qd5 Rad8
21. Qxc5 Qxa2 22. Ra1 Qxb2 23. Rxa7 Qd2 24. Rb1 Qd3 25. Re1 Rfe8 26. Ree7 Rxe7
27. Rxe7 Ra8 28. Qc7 Qd5+ 29. Kh3 Qf5+ 30. Kg2 Rc8 31. Qe5 Qc2 32. Re8+ Kh7 33.
Qe4+ g6 34. Qxc2 Rxc2 35. Re7 Kg7 36. Re3 Rc4 37. Kf3 h5 38. h4 Kf6 39. Re4 Rc5
40. Rf4+ Ke6 41. Re4+ Kf5 42. Rf4+ Ke6 43. Re4+ Kd6 44. Rf4 Rc3+ 45. Kg2 Ke6 46.
Rf3 Rxf3 47. Kxf3 Kf5 48. Kg2 Ke4 49. Kg1 Kf3 50. Kf1 f5 51. Kg1 f4 52. gxf4
Kxf4 53. Kg2 Kg4 54. Kg1 Kxh4 55. Kh2 Kg4 56. Kg2 g5 57. Kh2 Kf3 58. Kg1 g4 59.
Kf1 h4 60. Kg1 h3 61. Kh2 Kxf2 62. Kh1 Kg3 63. Kg1 Kf3 64. Kh2 g3+ 65. Kh1 g2+
66. Kg1 Ke3 67. Kh2 Kf2 68. Kxh3 g1=R 69. Kh2 Rg3 70. Kh1 Rh3# {White
checkmated} 0-1

[Event "Team 45 45 League T43"]
[Site "Internet Chess Club"]
[Date "2009.11.01"]
[Round "1"]
[White "GeofDeV"]
[Black "Gregorio"]
[Result "0-1"]
[WhiteElo "1848"]
[BlackElo "2032"]
[Opening "Nimzo-Indian: classical, Noa variation"]
[ECO "E34"]
[Time "10:08:32"]
[TimeControl "2700+45"]

1. d4 Nf6 2. c4 e6 3. Nc3 Bb4 4. Qc2 d5 5. e3 O-O 6. a3 Be7 7. Nf3 Nbd7 8. b4
dxc4 9. Bxc4 b6 10. O-O Bb7 11. Be2 c5 12. bxc5 bxc5 13. Rb1 Rb8 14. Rd1 cxd4
15. Rxd4 Bc5 16. Rh4 Qe7 17. Qa4 Rfc8 18. Bb2 Bc6 19. Qd1 Bxa3 20. Ba1 Rxb1 21.
Qxb1 Nf8 22. Ba6 Rc7 23. Rh3 Bb4 24. Nd4 Bxc3 25. Bxc3 Qa3 26. Qb8 Nd5 27. Bb4
Qxb4 28. Nxc6 Qe1+ 29. Bf1 Rxc6 {White resigns} 0-1

[Event "Team 45 45 League T43"]
[Site "Internet Chess Club"]
[Date "2009.11.03"]
[Round "1"]
[White "Harmonicus"]
[Black "jefferyx"]
[Result "0-1"]
[WhiteElo "1818"]
[BlackElo "1988"]
[Opening "Sicilian: closed, 6.Be3"]
[ECO "B26"]
[Time "18:02:20"]
[TimeControl "2700+45"]

1. e4 c5 2. Nc3 Nc6 3. g3 g6 4. Bg2 Bg7 5. d3 d6 6. Be3 Nf6 7. h3 h5 8. Qd2 a6
9. Nge2 b5 10. e5 Nxe5 11. Bxa8 Bxh3 12. Bc6+ Bd7 13. Bxd7+ Qxd7 14. Ng1 Qc6 15.
Rh4 b4 16. Nce2 Nfg4 17. O-O-O Qa4 18. Kb1 c4 19. d4 Nc6 20. c3 O-O 21. f3 Nxe3
22. Rc1 Nd5 23. g4 hxg4 24. fxg4 Rb8 25. Nf3 Rb5 26. cxb4 Ncxb4 27. b3 Nd3 28.
Rxc4 Qxc4 {White resigns} 0-1

[Event "Team 45 45 League T43"]
[Site "Internet Chess Club"]
[Date "2009.11.01"]
[Round "1"]
[White "pishd"]
[Black "Kingofknights"]
[Result "0-1"]
[WhiteElo "1690"]
[BlackElo "1755"]
[Opening "QGA, Bogolyubov variation"]
[ECO "D24"]
[Time "09:04:07"]
[TimeControl "2700+45"]

1. d4 d5 2. Nf3 Nf6 3. c4 dxc4 4. Nc3 a6 5. e4 b5 6. e5 Nd5 7. a4 Nxc3 8. bxc3
Bb7 9. e6 fxe6 10. Be2 Nd7 11. Ng5 Nf6 12. Nxe6 Qd6 13. Nf4 e5 14. Ba3 Qd7 15.
dxe5 Qxd1+ 16. Bxd1 Bxa3 17. Rxa3 Nd7 18. Ne6 Ke7 19. Nxg7 Rhg8 20. Nf5+ Ke6 21.
Nd4+ Kxe5 22. Nf3+ Kf6 23. O-O Nc5 24. axb5 axb5 25. Rxa8 Bxa8 26. Re1 Nd3 27.
Re3 Nf4 28. g3 Nd5 29. Re1 Nxc3 30. Nh4 Nxd1 31. Rxd1 Re8 32. Ng2 Bxg2 33. Kxg2
Re6 34. Rb1 c6 35. Kf3 Rd6 36. Ke2 Ke5 37. f3 c3 38. f4+ Ke4 39. Rd1 Rd5 40. h3
b4 41. Rxd5 cxd5 42. Kd1 b3 43. Kc1 d4 44. Kb1 d3 {White resigns} 0-1

[Event "Team 45 45 League T43"]
[Site "Internet Chess Club"]
[Date "2009.11.01"]
[Round "1"]
[White "Frankly"]
[Black "Quaq"]
[Result "0-1"]
[WhiteElo "1596"]
[BlackElo "1593"]
[Opening "Scandinavian defense"]
[ECO "B01"]
[Time "14:00:26"]
[TimeControl "2700+45"]

1. e4 d5 2. exd5 Nf6 3. Nc3 Nxd5 4. Nf3 g6 5. Bc4 c6 6. O-O Bg7 7. Nxd5 cxd5 8.
Bb3 O-O 9. Re1 Nc6 10. h3 a6 11. a4 Re8 12. d3 h6 13. c3 e5 14. Qc2 Be6 15. Bd2
Rc8 16. Re2 Nd4 17. Nxd4 exd4 18. Rae1 b5 19. axb5 axb5 20. Qc1 Kh7 21. Ba2 Ra8
22. Bb3 Qd7 23. Kh2 Rec8 24. f4 Rc6 25. g4 dxc3 26. bxc3 Qc7 27. Kh1 Bxc3 28.
Bxc3 Rxc3 29. Qb2 Rxd3 30. f5 gxf5 31. gxf5 Rxh3+ 32. Kg1 Rg8+ 33. Rg2 Qh2+ 34.
Kf1 Qh1+ 35. Ke2 Qxg2+ {White resigns} 0-1

[Event "Team 45 45 League T43"]
[Site "Internet Chess Club"]
[Date "2009.10.31"]
[Round "1"]
[White "zachi"]
[Black "mickeys"]
[Result "1-0"]
[WhiteElo "1989"]
[BlackElo "1867"]
[Opening "French defense, Steiner variation"]
[ECO "C00"]
[Time "18:00:51"]
[TimeControl "2700+45"]

1. e4 e6 2. c4 d5 3. exd5 exd5 4. d4 Nf6 5. Nc3 c6 6. Bg5 Bb4 7. Nf3 Bg4 8. Be2
Bxf3 9. Bxf3 Qe7+ 10. Be2 dxc4 11. O-O Bxc3 12. bxc3 b5 13. Re1 O-O 14. Bxc4 Qd6
15. Bb3 Nbd7 16. Qf3 c5 17. Bf4 Qb6 18. Re7 Rfe8 19. Bxf7+ Kf8 20. Bxe8 Kxe7 21.
Qxa8 {Black resigns} 1-0

[Event "Team 45 45 League T43"]
[Site "Internet Chess Club"]
[Date "2009.10.31"]
[Round "1"]
[White "Dostoy"]
[Black "mfeatherston"]
[Result "0-1"]
[WhiteElo "1722"]
[BlackElo "1883"]
[Opening "Old Indian: main line"]
[ECO "A55"]
[Time "10:30:18"]
[TimeControl "2700+45"]

1. d4 Nf6 2. Nf3 d6 3. c4 Nbd7 4. Nc3 e5 5. e4 c6 6. Be2 Qc7 7. O-O Be7 8. Qc2
h6 9. Rd1 g5 10. Be3 Nf8 11. h3 Ng6 12. b4 g4 13. hxg4 Nxg4 14. d5 Nxe3 15. fxe3
Rg8 16. Kf2 Nh4 17. Rg1 Qb6 18. b5 Nxf3 19. Bxf3 Bh4+ 20. Ke2 Bg5 21. Qd2 c5 22.
Raf1 Bd7 23. Bh5 Rg7 24. a4 Qa5 25. Qc1 Qb4 26. Qc2 Qxc4+ 27. Qd3 Qb4 28. Rb1
Qa5 29. Rbf1 Qc7 30. Qb1 Be7 31. Nd1 Qa5 32. Nc3 Qxc3 33. Qd1 Bg4+ 34. Bxg4 Rxg4
35. Rf3 Rxe4 36. g3 O-O-O 37. Rh1 Bg5 38. Qd2 Qxd2+ 39. Kxd2 f6 {White resigns}
0-1

[Event "Team 45 45 League T42"]
[Site "Internet Chess Club"]
[Date "2009.10.29"]
[Round "1"]
[White "Grenadier"]
[Black "az2112"]
[Result "0-1"]
[WhiteElo "1668"]
[BlackElo "1768"]
[Opening "Pirc: Austrian attack, 6.Bd3"]
[ECO "B09"]
[Time "21:07:54"]
[TimeControl "2700+45"]

1. e4 d6 2. d4 Nf6 3. Nc3 g6 4. f4 Bg7 5. Nf3 O-O 6. Bd3 Na6 7. O-O c5 8. d5 Rb8
9. a3 Nc7 10. Qe2 a6 11. a4 Bd7 12. Bd2 b5 13. b3 b4 14. Na2 Nfxd5 15. Rad1 Nf6
16. e5 Nfe8 17. Be3 Nd5 18. Bxa6 Nxe3 19. Qxe3 Qb6 20. Bc4 Bf5 21. Rd2 Nc7 22.
Rfd1 d5 23. Bxd5 Nxd5 24. Rxd5 Bxc2 25. Rc1 Bxb3 26. Rdxc5 Bxa2 27. Kf2 b3 28.
Nd2 b2 {White resigns} 0-1

[Event "Team 45 45 League T43"]
[Site "Internet Chess Club"]
[Date "2009.11.01"]
[Round "1"]
[White "Chess2Play"]
[Black "GoIrish"]
[Result "1-0"]
[WhiteElo "1672"]
[BlackElo "1591"]
[Opening "King's Indian: Andersson variation"]
[ECO "E92"]
[Time "07:01:23"]
[TimeControl "2700+45"]

1. d4 Nf6 2. c4 g6 3. Nc3 Bg7 4. e4 d6 5. Nf3 O-O 6. Be2 e5 7. dxe5 dxe5 8. Qxd8
Rxd8 9. Bg5 Nc6 10. Nd5 Nxe4 11. Bxd8 Nxd8 12. Nxc7 Rb8 13. Nd5 Be6 14. O-O Nc5
15. Ng5 e4 16. Nxe6 Ndxe6 17. Rab1 Nd4 18. Rfe1 Rd8 19. Bf1 f5 20. b4 Nd7 21.
Red1 Kf7 22. c5 Nb8 23. Bc4 Kf8 24. Nc7 Ke7 25. Nd5+ Kd7 26. Nf4 Nc6 27. Ne6 Ne5
28. Rxd4+ Ke7 29. Rxd8 Nxc4 30. Nxg7 Kxd8 31. Ne6+ Ke7 32. Nd4 h5 33. c6 bxc6
34. Nxc6+ Kd6 35. Nxa7 Kc7 36. Rc1 {Black resigns} 1-0

[Event "Team 45 45 League T43"]
[Site "Internet Chess Club"]
[Date "2009.11.06"]
[Round "1"]
[White "chessdi"]
[Black "Stryker672"]
[Result "1-0"]
[WhiteElo "2205"]
[BlackElo "1886"]
[Opening "QGD: classical variation (5.Bf4)"]
[ECO "D37"]
[Time "18:00:42"]
[TimeControl "2700+45"]

1. d4 Nf6 2. Nf3 d5 3. c4 e6 4. Nc3 Be7 5. Bf4 O-O 6. e3 c6 7. Rc1 Nbd7 8. cxd5
exd5 9. Bd3 Re8 10. h3 Nf8 11. O-O Ng6 12. Bh2 Bd6 13. Bxd6 Qxd6 14. Qc2 Be6 15.
a3 a5 16. Na4 Nd7 17. Rb1 b5 18. Nc5 Nxc5 19. dxc5 Qc7 20. b3 Kh8 21. Nd4 Ne5
22. Bxh7 g6 23. f4 Kxh7 24. fxe5 Qxe5 25. Qf2 Rac8 26. Rbe1 Kg7 27. Qd2 Bd7 28.
Rf3 Rh8 29. Ref1 Rcf8 30. Qxa5 Rh4 31. Qb6 Rfh8 32. Rxf7+ Kg8 33. Qd8+ Be8 34.
Re7 {Black resigns} 1-0

[Event "Team 45 45 League T43"]
[Site "Internet Chess Club"]
[Date "2009.11.01"]
[Round "1"]
[White "screamingeagle"]
[Black "BigW"]
[Result "0-1"]
[WhiteElo "2010"]
[BlackElo "1975"]
[Opening "Latvian counter-gambit"]
[ECO "C40"]
[Time "15:45:11"]
[TimeControl "2700+45"]

1. e4 e5 2. Nf3 f5 3. Nxe5 Qf6 4. d4 d6 5. Nc4 fxe4 6. Nc3 Qg6 7. Qe2 Nf6 8. f3
Nc6 9. Be3 Be7 10. O-O-O Bf5 11. Qf2 Nb4 12. g4 Be6 13. h3 exf3 14. a3 Nbd5 15.
Bd3 Qf7 16. Ne4 Nxe3 17. Nxe3 Nxe4 18. Bxe4 Rb8 19. d5 Bd7 20. h4 Qf4 21. Rd4
Kd8 22. Qxf3 Rf8 23. Qxf4 Rxf4 24. Rf1 Rxf1+ 25. Nxf1 Bf6 26. Rd3 Bxg4 27. Rg3
h5 28. Nh2 Be5 29. Rg2 Bh3 30. Rf2 Ke7 31. Bg6 Rf8 32. Re2 Bf1 33. Re3 Bg2 34.
Bxh5 Kd8 35. Re2 Bxd5 36. Bg6 b6 37. c3 a5 38. Kd2 Rf4 39. h5 c5 40. Ke1 b5 41.
Nf1 b4 42. Ne3 bxa3 43. bxa3 Bxc3+ 44. Kd1 Bf3 {White resigns} 0-1